 Dungeon Crawl Stone Soup version 0.24-a0-536-gdd4cf15266 (webtiles) character file.

Game seed: 17715074414111004474

4431 MirrMurr the Slinger (level 10, 0/68 HPs)
             Began as a Halfling Fighter on Aug 11, 2019.
             Was a Believer of Ashenzari.
             Slain by a troll (3 damage)
             ... on level 7 of the Dungeon.
             The game lasted 00:23:05 (8851 turns).

MirrMurr the Slinger (Halfling Fighter)             Turns: 8851, Time: 00:23:06

Health: 0/68       AC: 17    Str: 20    XL:     10   Next: 62%
Magic:  10/10      EV: 10    Int:  6    God:    Ashenzari [**....]
Gold:   229        SH: 12    Dex: 15    Spells: 9/9 levels left

rFire    . . .     SeeInvis .   b - +1 rapier
rCold    . . .     Gourm    .   f - +0 shield (curse)
rNeg     . . .     Faith    .   s - +0 plate armour
rPois    .         Spirit   .   k - +0 helmet
rElec    .         Reflect  .   t - +0 cloak (curse)
rCorr    .         Harm     .   q - +0 pair of gloves
MR       .....                  (no boots)
Stlth    ..........             (no amulet)
HPRegen  0.21/turn              (no ring)
MPRegen  0.12/turn              (no ring)

@: no status effects
A: small, mutation resistance 1
a: Curse Item, Scrying, Renounce Religion


You were on level 7 of the Dungeon.
You worshipped Ashenzari.
Ashenzari was pleased with you.
You were not hungry.

You visited 1 branch of the dungeon, and saw 8 of its levels.
You also visited: Ossuary.

You collected 350 gold pieces.
You spent 121 gold pieces at shops.

Inventory:

Hand Weapons
 a - a +2 hunting sling of freezing
 b - a +1 rapier (weapon)
Missiles
 d - a throwing net {!f}
 h - 13 poisoned darts
 n - 44 sling bullets
 o - 153 stones (quivered)
Armour
 f - a cursed +0 shield (worn)
 k - a +0 helmet (worn)
 q - a +0 pair of gloves (worn)
 s - a +0 plate armour (worn)
 t - a cursed +0 cloak (worn)
Wands
 y - a wand of random effects (24)
 F - a wand of flame (18)
Scrolls
 g - a scroll of amnesia
 i - a scroll of teleportation
 p - a scroll of magic mapping
 r - 4 scrolls of remove curse
Potions
 e - 5 potions of lignification
 j - 2 potions of mutation {unknown}
 l - 3 potions of curing
 m - 2 potions of haste
 u - 3 potions of heal wounds
 v - 4 potions of magic
 z - 2 potions of berserk rage {unknown}
 A - 2 potions of brilliance
 B - a potion of degeneration {unknown}
 C - a potion of resistance {unknown}
 D - a potion of agility
 E - 3 potions of might
Comestibles
 c - 11 rations


   Skills:
 + Level 6.1 Fighting
 - Level 3.4 Short Blades
 * Level 11.5 Slings
 + Level 7.3 Armour
 + Level 6.4 Dodging
 + Level 7.4(9.0) Shields


You had 9 spell levels left.
You didn't know any spells.
Your spell library was empty.

Dungeon Overview and Level Annotations

Branches:
Dungeon (8/15)             Temple (0/1) D:6
   Lair: D:8-11

Altars:
Ashenzari
Cheibriados
Elyvilon
Makhleb
Okawaru
Trog
Xom
Yredelemnul

Shops:
D:5 (   D:6 ??


Innate Abilities, Weirdness & Mutations

You are small and have problems with some larger weapons.
You are somewhat resistant to further mutation.


Message History

The troll barely misses you.
You barely miss the troll.
The troll is severely wounded.
The troll bites you. The troll barely misses you. The troll closely misses you.
You closely miss the troll.
The troll is severely wounded.
The troll bites you. You block the troll's attack. The troll claws you!
* * * LOW HITPOINT WARNING * * *
You closely miss the troll.
The troll is severely wounded.
The troll bites you but does no damage. The troll barely misses you.
The troll completely misses you.
You hit the troll.
The troll is severely wounded.
The troll bites you.
* * * LOW HITPOINT WARNING * * *
You block the troll's attack. The troll claws you!
* * * LOW HITPOINT WARNING * * *
You block the troll's attack. The troll barely misses you. The troll claws you.
You die...

#...............#...........#...
#...............#...........#...
#...............#...........#...
#......##[.....##..........##>..
##.....##......##..........##...
#......##......##'####.....##...
#...(.....(....##...##.....##...
##.<(................)..........
#.....(.(......@T....#..........
##.....##########....#..........
########.รท....##...#########...
#.......##...##.....#####
#.......#######.....#....
#...................#....
##......##..........#....
####'#####..........#....
#.......##...####...###..


You could see a troll.

Vanquished Creatures
  Grinder (D:3)
  Sigmund (D:5)
  A hungry ghost (D:7)
  A water moccasin (D:6)
  2 orc warriors
  A phantom (D:7)
  A sky beast (D:4)
  A necrophage (D:7)
  5 ogres
  4 ice beasts
  3 wolves
  A centaur (D:7)
  3 bullfrogs
  9 water moccasin zombies (Ossuary)
  A scorpion (D:5)
  8 wights
  An electric eel (D:6)
  2 jellies
  2 howler monkeys (D:8)
  6 hounds
  A bullfrog skeleton (D:4)
  5 orc priests
  5 orc wizards
  An iguana (D:6)
  8 worker ants
  A killer bee zombie (D:7)
  2 big kobold zombies (Ossuary)
  2 hound skeletons (D:7)
  2 mummies (Ossuary)
  A worker ant zombie (D:5)
  7 adders
  3 shadow imps
  8 adder zombies (Ossuary)
  A worm (D:2)
  4 dart slugs
  4 leopard geckos
  33 orcs
  4 bats
  5 giant cockroaches
  3 gnoll zombies (Ossuary)
  12 hobgoblins
  4 jackals (D:5)
  4 quokkas
  5 frilled lizards
  5 goblins
  4 hobgoblin zombies (Ossuary)
  5 kobolds
  7 kobold zombies (Ossuary)
  2 leopard gecko skeletons (D:4)
  5 orc zombies (Ossuary)
  6 rats
213 creatures vanquished.

Vanquished Creatures (others)
  2 plants (D:8)
2 creatures vanquished.

Grand Total: 215 creatures vanquished

Notes
Turn   | Place    | Note
-------+----------+-------------------------------------------
     0 | D:1      | MirrMurr the Halfling Fighter began the quest for the Orb.
     0 | D:1      | Reached XP level 1. HP: 15/15 MP: 1/1
   107 | D:1      | Reached XP level 2. HP: 20/20 MP: 2/2
   695 | D:2      | Reached XP level 3. HP: 25/25 MP: 3/3
   768 | D:2      | Found a shattered altar of Ashenzari.
   780 | D:2      | Became a worshipper of Ashenzari the Shackled
   879 | D:2      | Reached skill level 1 in Dodging
  1750 | D:3      | Reached XP level 4. HP: 22/31 MP: 4/4
  1801 | D:3      | Found a shimmering altar of Xom.
  1923 | D:3      | Found a faded altar of an unknown god.
  1985 | D:3      | Noticed Grinder
  1987 | D:3      | Paralysed by Grinder for 6 turns
  2010 | D:3      | Killed Grinder
  2010 | D:3      | Reached skill level 3 in Slings
  2010 | D:3      | Reached XP level 5. HP: 16/36 MP: 5/5
  2010 | D:3      | Reached XP level 6. HP: 19/42 MP: 6/6
  2981 | D:4      | Reached * piety under Ashenzari
  3030 | D:4      | Noticed an ogre
  3035 | D:4      | Reached skill level 4 in Slings
  3097 | D:4      | Found a sand-covered staircase.
  3214 | Ossuary  | Entered an ossuary
  3302 | Ossuary  | Reached XP level 7. HP: 46/46 MP: 7/7
  3350 | Ossuary  | Reached skill level 5 in Slings
  3605 | Ossuary  | Reached skill level 6 in Slings
  3605 | Ossuary  | Reached XP level 8. HP: 46/54 MP: 8/8
  3666 | Ossuary  | Reached skill level 5 in Armour
  3697 | Ossuary  | Reached skill level 5 in Shields
  4217 | D:4      | Reached skill level 7 in Slings
  5273 | D:5      | Entered Level 5 of the Dungeon
  5544 | D:5      | Noticed Sigmund
  5577 | D:4      | Reached skill level 8 in Slings
  5577 | D:4      | Reached XP level 9. HP: 38/59 MP: 9/9
  5716 | D:5      | Killed Sigmund
  5868 | D:5      | Found Qetux Ysatt's Antique Weapon Boutique.
  5903 | D:5      | Bought a glowing hunting sling for 121 gold pieces
  5929 | D:5      | Reached skill level 5 in Fighting
  6079 | D:5      | Reached skill level 9 in Slings
  6160 | D:5      | Reached ** piety under Ashenzari
  6278 | D:6      | Found Quukline's Magic Scroll Shoppe.
  6294 | D:6      | Reached skill level 5 in Dodging
  6614 | D:6      | Found a bloodstained altar of Trog.
  6615 | D:6      | Found a basalt altar of Yredelemnul.
  6617 | D:6      | Found an iron altar of Okawaru.
  6619 | D:6      | Found a snail-covered altar of Cheibriados.
  6619 | D:6      | Found a white marble altar of Elyvilon.
  6651 | D:6      | Found Amuonent's Magic Scroll Shoppe.
  6855 | D:6      | Found a staircase to the Ecumenical Temple.
  7109 | D:7      | Reached skill level 10 in Slings
  7221 | D:7      | Reached XP level 10. HP: 63/66 MP: 10/10
  7615 | D:7      | Reached skill level 11 in Slings
  8150 | D:7      | Found a burning altar of Makhleb.
  8851 | D:7      | HP: 3/68 [troll (7)]
  8851 | D:7      | Slain by a troll

Levels and vault maps discovered:
D:1:      minmay_arrival_five_plusses, layout_basic, hex_tiny
D:2:      layout_loops_cross, evilmike_ruin_ashenzari
D:3:      layout_basic, chequers_ecumenical_altar_simple_redux,
          xom_teletrap_fun, uniq_grinder
D:4:      layout_cave_pools, lightli_ossuary_entry_decrepit_ruins, first_ration
D:5:      layout_basic, serial_shops, shop, minivault_23, uniq_sigmund
D:6:      layout_rooms, grunt_temple_overflow_open, temple_statues,
          serial_shops, nicolae_shop_waterfront, serial_rivers,
          chequers_serial_rivers_large_a, chequers_serial_rivers_room_b,
          chequers_serial_rivers_micro_e, chequers_serial_rivers_micro_b,
          chequers_serial_rivers_room_a, chequers_serial_rivers_micro_e,
          kennysheep_small_square
D:7:      layout_gridville, makhleb_blood_cavern_becter
D:8:      layout_cave_pools, erik_lair_island, ebering_ghost_funeral_grove,
          hangedman_ranch [blue_anna_fruit_fields]

Skill      XL: |  1  2  3  4  5  6  7  8  9 10 |
---------------+-------------------------------+-----
Short Blades   | 3 |  3.4
Dodging        | 1 2 3 4 5 6 |  6.4
Fighting       | 3 4 5 6 |  6.1
Slings         | 3 4 6 8 10 11 | 11.5
Armour         | 4 5 6 7 |  7.3
Shields        | 4 5 6 7 |  7.4

Action                   |  1- 3 |  4- 6 |  7- 9 | 10-12 || total
-------------------------+-------+-------+-------+-------++-------
Melee: Rapier            |   102 |    55 |   495 |   128 ||   780
 Fire: Hunting sling     |       |    66 |   185 |   197 ||   448
Invok: Curse Item        |     1 |       |     1 |       ||     2
  Use: Scroll            |     6 |     1 |     8 |     4 ||    19
       Potion            |       |     1 |     2 |     2 ||     5
  Eat: Chunk             |     3 |     2 |     5 |     4 ||    14
       Ration            |       |     1 |     4 |     1 ||     6
Armor: Scale mail        |    27 |    10 |       |       ||    37
       Chain mail        |       |    20 |   164 |       ||   184
       Plate armour      |       |       |    34 |    90 ||   124
Dodge: Dodged            |    41 |    37 |   192 |    73 ||   343
Block: Shield            |    47 |    38 |   264 |   137 ||   486

Table legend:
 A = Non-vault XP
 B = Vault XP
 C = Vault XP percentage of total XP
 D = Non-vault monster count
 E = Vault monster count
 F = Vault count percentage of total count
                 A         B        C        D         E       F
            +---------+---------+-------+---------+---------+-------
      Total |    4470 |    1861 |  29.4 |     165 |      48 |  22.5
            +---------+---------+-------+---------+---------+-------
        D:1 |      24 |       0 |   0.0 |      14 |       0 |   0.0
        D:2 |      41 |       0 |   0.0 |      14 |       0 |   0.0
        D:3 |      40 |     262 |  86.8 |      17 |       1 |   5.6
        D:4 |     846 |       0 |   0.0 |      34 |       0 |   0.0
        D:5 |     337 |     205 |  37.8 |      17 |       1 |   5.6
        D:6 |    1022 |       0 |   0.0 |      21 |       0 |   0.0
        D:7 |    1889 |     369 |  16.3 |      37 |       4 |   9.8
        D:8 |     271 |     157 |  36.7 |      11 |       2 |  15.4
    Ossuary |       0 |     868 | 100.0 |       0 |      40 | 100.0
            +---------+---------+-------+---------+---------+-------
